 Dungeon Crawl Stone Soup version 0.24.0-13-gcf9b319 (webtiles) character file.

Game seed: 3822451090957730239, levelgen mode: deterministic

2482 Fang the Skirmisher (level 9, -2/85 HPs)
             Began as a Gargoyle Berserker on Nov 22, 2019.
             Was an Elder of Trog.
             Splashed by a brown ugly thing's acid (8 damage)
             ... on level 7 of the Dungeon.
             The game lasted 00:05:17 (4741 turns).

Fang the Skirmisher (Gargoyle Berserker)            Turns: 4741, Time: 00:05:17

Health: -2/85      AC:  8    Str: 30    XL:     9   Next: 51%
Magic:  0/9        EV: 11    Int:  7    God:    Trog [****..]
Gold:   339        SH:  0    Dex:  9    Spells: 8/8 levels left

rFire    . . .     SeeInvis .   a - +0 hand axe
rCold    + . .     Gourm    .   (no shield)
rNeg     + . .     Faith    .   b - -1 chain mail (curse)
rPois    ∞         Spirit   +   (no helmet)
rElec    +         Reflect  .   s - scarf {Spirit}
rCorr    .         Harm     .   (no gloves)
MR       .....                  (no boots)
Stlth    ..........             (no amulet)
HPRegen  0.24/turn              j - ring of protection from cold
MPRegen  0.11/turn              v - +3 ring of slaying

@: berserking (expiring), corroded, very quick
A: negative energy resistance 1, electricity resistance, unbreathing,
petrification resistance, rot immunity, AC +6
a: Berserk, Trog's Hand, Brothers in Arms, Renounce Religion


You were on level 7 of the Dungeon.
You worshipped Trog.
Trog was greatly pleased with you.
You were very hungry.

You visited 2 branches of the dungeon, and saw 8 of its levels.

You collected 339 gold pieces.

Inventory:

Hand Weapons
 a - a +0 hand axe (weapon)
Armour
 b - a cursed -1 chain mail (worn)
 s - a scarf of spirit shield (worn)
Jewellery
 j - a ring of protection from cold (left hand)
 v - a +3 ring of slaying (right hand)
Wands
 o - a wand of acid (10)
 p - a wand of iceblast (7)
 r - a wand of disintegration (7)
Scrolls
 d - a scroll of fear {unknown}
 f - 11 scrolls of identify {unknown}
 g - a scroll of immolation {unknown}
 h - 2 scrolls of teleportation {unknown}
 i - 5 scrolls of remove curse {unknown}
 l - 3 scrolls of enchant armour {unknown}
 m - a scroll of noise {unknown}
 n - a scroll of blinking {unknown}
Potions
 e - 7 potions of curing
 k - a potion of heal wounds {unknown}
 q - a potion of agility {unknown}
 t - 3 potions of degeneration {unknown}
 u - 2 potions of brilliance {unknown}
 w - a potion of invisibility {unknown}
 x - a potion of flight {unknown}
Comestibles
 c - 11 rations


   Skills:
 + Level 7.6 Fighting
 + Level 6.4 Axes
 + Level 7.1 Armour
 + Level 5.4 Dodging


You had 8 spell levels left.
You didn't know any spells.
Your spell library was empty.

Dungeon Overview and Level Annotations

Branches:
Dungeon (7/15)             Temple (1/1) D:6

Altars:
Elyvilon
Fedhas
Hepliaklqana
Kikubaaqudgha
Nemelex Xobeh
Ru
The Shining One

Shops:
D:4 }


Innate Abilities, Weirdness & Mutations

You are resistant to torment.
Your stone body is resilient. (AC +6)
You are immune to poison.
You resist negative energy. (rN+)
You are resistant to electric shocks. (rElec)
You can survive without breathing.
You are immune to petrification.
You are immune to rotting.


Message History

You closely miss the brown ugly thing.
The brown ugly thing is moderately wounded.
The brown ugly thing tail-slaps you!
* * * LOW HITPOINT WARNING * * *
You are splashed with acid!
* * * LOW HITPOINT WARNING * * *
You slash the brown ugly thing!
The brown ugly thing is moderately wounded.
The brown ugly thing tail-slaps you but does no damage.
You slash the brown ugly thing!
The brown ugly thing is heavily wounded.
You slash the brown ugly thing!
The brown ugly thing is heavily wounded.
The brown ugly thing tail-slaps you but does no damage.
You slash the brown ugly thing!
The brown ugly thing is almost dead.
The brown ugly thing tail-slaps you.
* * * LOW HITPOINT WARNING * * *
You are splashed with acid!
You die...

#.#.#.# #######.#.#.#
............. ###
######.#.#.# ..#
#......#.#.# ####.#
#.####.#.#.. ..#.#
#.#.#.. #u#.#
#.####.#.#.. #.##@#.#
#......#.#..
#......########.#.###
####............#.#
##############


You could see a brown ugly thing.

Vanquished Creatures
  Grinder (D:5)
  Eustachio (D:5)
  A hungry ghost (D:7)
  A hornet zombie (D:6)
  A sky beast (D:6)
  A black bear (D:7)
  3 ogres
  6 centaurs
  3 scorpions
  2 wights (D:7)
  A howler monkey (D:6)
  A bullfrog zombie (D:6)
  2 crimson imps
  A centaur zombie (D:5)
  Crazy Yiuf (D:2)
  A centaur skeleton (D:6)
  4 hounds
  A jelly (D:6)
  Jessica (D:2)
  An iguana (D:5)
  6 worker ants
  A hound zombie (D:6)
  2 worker ant zombies
  10 adders
  An ooze (D:1)
  3 dart slugs
  5 leopard geckos
  3 orcs
  5 ball pythons
  A giant cockroach (D:4)
  11 goblins
  8 hobgoblins
  8 jackals
  8 kobolds
  5 quokkas
  9 bats
  10 frilled lizards
  A jackal skeleton (D:4)
  A leopard gecko skeleton (D:4)
  A leopard gecko zombie (D:5)
  8 rats
  3 fungi (D:2)
144 creatures vanquished.

Notes
Turn   | Place    | Note
-------+----------+-------------------------------------------
     0 | D:1      | Fang the Gargoyle Berserker began the quest for the Orb.
     0 | D:1      | Reached XP level 1. HP: 14/14 MP: 1/1
   105 | D:1      | Reached XP level 2. HP: 16/19 MP: 2/2
   273 | D:1      | Reached ** piety under Trog
   273 | D:1      | Reached XP level 3. HP: 19/23 MP: 3/3
   552 | D:2      | Noticed Jessica
   557 | D:2      | Killed Jessica
   557 | D:2      | Reached XP level 4. HP: 26/29 MP: 4/4
   928 | D:2      | Found a runed translucent door.
   929 | D:2      | Noticed Crazy Yiuf
   939 | D:2      | Killed Crazy Yiuf
   939 | D:2      | Reached XP level 5. HP: 33/33 MP: 3/5
  1004 | D:3      | Found a white marble altar of Elyvilon.
  1055 | D:3      | Found a blossoming altar of Fedhas.
  1067 | D:3      | Reached *** piety under Trog
  1162 | D:3      | Found a faded altar of an unknown god.
  1605 | D:4      | Found Wosiut's Gadget Boutique.
  1630 | D:4      | Reached XP level 6. HP: 34/39 MP: 6/6
  2146 | D:4      | Reached skill level 5 in Fighting
  2146 | D:4      | Reached XP level 7. HP: 12/44 MP: 2/7
  2711 | D:5      | Entered Level 5 of the Dungeon
  2782 | D:5      | Noticed Grinder
  2789 | D:5      | Reached **** piety under Trog
  2793 | D:5      | Reached skill level 5 in Armour
  2805 | D:5      | Paralysed by Grinder for 2 turns
  2808 | D:5      | Paralysed by Grinder for 6 turns
  2815 | D:5      | Killed Grinder
  2815 | D:5      | Reached skill level 5 in Axes
  2815 | D:5      | Reached XP level 8. HP: 11/51 MP: 4/8
  3070 | D:5      | Noticed Eustachio
  3114 | D:5      | Killed Eustachio
  3687 | D:6      | Reached XP level 9. HP: 38/56 MP: 6/9
  3855 | D:6      | Reached skill level 5 in Dodging
  3916 | D:6      | Found a staircase to the Ecumenical Temple.
  3931 | Temple   | Entered the Ecumenical Temple
  4306 | D:7      | Found a sacrificial altar of Ru.
  4721 | D:7      | Noticed a brown ugly thing
  4741 | D:7      | Splashed by a brown ugly thing's acid

Levels and vault maps discovered:
D:1:      lightli_arrival_quake, layout_rooms, minmay_pentomino_u2
D:2:      layout_rooms, uniq_jessica, uniq_crazy_yiuf_cottage
D:3:      layout_rooms, lemuel_doored_altar, chequers_ecumenical_altar_island,
          fedhas_altar_2
D:4:      layout_gridville, serial_shops, nicolae_shop_crystal, serial_forest,
          infiniplex_forest_clump_double, infiniplex_forest_clump_curved,
          infiniplex_forest_corner_2, infiniplex_forest_side_room,
          infiniplex_forest_lined_2, infiniplex_forest_straight_4
D:5:      layout_basic, first_ration, minmay_tree_intersection, uniq_eustachio,
          uniq_grinder
D:6:      layout_rooms, minmay_temple_entry_poolview
D:7:      black_bear_nest_1, layout_basic, basic_altar
Temple:   nicolae_temple_the_god_donut

Skill      XL: |  1  2  3  4  5  6  7  8  9 |
---------------+----------------------------+-----
Axes           | 3 4 5 6 |  6.4
Dodging        | 2 3 4 5 |  5.4
Armour         | 3 4 5 6 7 |  7.1
Fighting       | 4 5 6 7 |  7.6

Action                   |  1- 3 |  4- 6 |  7- 9 || total
-------------------------+-------+-------+-------++-------
Melee: Hand axe          |    70 |   293 |   358 ||   721
Invok: Berserk           |       |     2 |     6 ||     8
       Trog's Hand       |       |       |     3 ||     3
 Stab: Sleeping          |       |     1 |       ||     1
  Eat: Chunk             |       |     6 |    14 ||    20
       Ration            |       |       |     1 ||     1
Armor: Animal skin       |    27 |    59 |       ||    86
       Chain mail        |       |    80 |   343 ||   423
Dodge: Dodged            |    54 |   157 |   299 ||   510
